 Dungeon Crawl Stone Soup version 0.17-a0-1368-g6ab37f2 (webtiles) character file.

1207 nuthulu the Blocker (level 8, -4/46 HPs)
             Began as a Gargoyle Fighter on June 11, 2015.
             Was a Priest of Okawaru.
             Slain by an ogre
             ... wielding a +0 giant spiked club
              (18 damage)
             ... on level 6 of the Dungeon on June 12, 2015.
             The game lasted 00:15:43 (5060 turns).

nuthulu the Blocker (Gargoyle Fighter)              Turns: 5060, Time: 00:15:43

Health: -4/46      AC: 14    Str: 22    XL:     8   Next: 45%
Magic:  8/8        EV:  8    Int: 14    God:    Okawaru [***...]
Gold:   95         SH: 12    Dex:  9    Spells: 0 memorised, 7 levels left

rFire  . . .     SeeInvis .     a - +0 flail
rCold  . . .     Clarity  .     b - +0 scale mail
rNeg   + . .     SustAt   .     c - +1 shield
rPois  ∞         Gourm    .     (no helmet)
rElec  +         Spirit   .     (no cloak)
rCorr  .         Warding  .     n - +0 pair of gloves
rMut   .         Stasis   .     (no boots)
MR     +....                    l - amulet of faith
Stlth  ..........               r - ring of protection from magic
                                g - +5 ring of intelligence

@: somewhat resistant to hostile enchantments, extremely unstealthy
A: negative energy resistance 1, electricity resistance, unbreathing,
petrification resistance, rot immunity, AC +5
a: Heroism, Renounce Religion


You were on level 6 of the Dungeon.
You worshipped Okawaru.
Okawaru was most pleased with you.
You were not hungry.

You visited 1 branch of the dungeon, and saw 6 of its levels.

You collected 135 gold pieces.
You spent 40 gold pieces at shops.

Inventory:

Hand weapons
 a - a +0 flail (weapon)
Armour
 b - a +0 scale mail (worn)
 c - a +1 shield (worn)
 n - a +0 pair of gloves (worn)
Jewellery
 g - a +5 ring of intelligence (left hand)
 l - an amulet of faith (around neck)
 r - a ring of protection from magic (right hand)
Magical devices
 q - a wand of confusion (17)
Scrolls
 k - 2 scrolls of remove curse
 s - 4 scrolls of teleportation
 u - a scroll of identify
Potions
 f - 2 potions of heal wounds
 i - 2 potions of haste
 j - 3 potions of curing
 o - a potion of degeneration {unknown}
 p - a potion of cancellation {unknown}
 t - a potion of lignification {unknown}
Books
 d - a book of Debilitation

   Spells                             Type                      Level
   a - Corona                         Hexes                        1
   b - Slow                           Hexes                        2
   c - Gell's Gravitas                Hexes/Translocation          3
   d - Inner Flame                    Hexes/Fire                   3
   e - Cause Fear                     Hexes                        4
   f - Leda's Liquefaction            Hexes/Earth                  4
Comestibles
 e - 3 bread rations
 h - a meat ration
 m - a beef jerky


   Skills:
 - Level 3.3 Fighting
 + Level 2.9 Maces & Flails
 - Level 8.0 Armour
 - Level 8.2 Shields


You had 7 spell levels left.
You didn't know any spells.

Dungeon Overview and Level Annotations

Branches:
Dungeon (6/15)
 Temple: D:4-7

Altars:
Okawaru

Shops:
D:5 ?


Innate Abilities, Weirdness & Mutations

You are resistant to torment.
Your stone body is resilient (AC +5).
You are immune to poison.
You resist negative energy.
You are resistant to electric shocks.
You can survive without breathing.
You are immune to petrification.
You are immune to rotting.


Message History

The bat skeleton completely misses you.
You thump the bat skeleton!
You destroy the bat skeleton!
Okawaru accepts your kill.
The ogre hits you with a giant spiked club!
You block the ogre's attack.
You hit the ogre.
The ogre is lightly wounded.
You block the ogre's attack.
You sock the ogre!
The ogre is heavily wounded.
You block the ogre's attack.
You hit the ogre.
The ogre is heavily wounded.
The ogre hits you with a giant spiked club!!
* * * LOW HITPOINT WARNING * * *
You hit the ogre.
The ogre is heavily wounded.
The ogre hits you with a giant spiked club!!
You die...

#.##.#####
#.##.# #.#
#.##.###.# .
#........# .>
####.#####
... #.# .#..
#.#####.....
##...O.......
#....@...>#
#...####...#
#..### .....
#..# ....
#..# ##. #.#
#.


You could see an ogre.

Vanquished Creatures
  An ogre (D:5)
  3 centaurs
  A giant frog (D:5)
  A jelly (D:5)
  2 crimson imps (D:5)
  A gnoll shaman (D:4)
  2 hounds
  2 centaur skeletons (D:4)
  4 worker ants
  3 orc priests
  3 orc wizards
  An iguana (D:5)
  6 adders
  5 gnolls (D:4)
  A shadow imp (D:5)
  An ooze (D:1)
  An adder zombie (D:5)
  2 worms (D:2)
  3 giant geckos
  13 orcs
  A ball python (D:1)
  4 bats
  A bat skeleton (D:6)
  4 giant cockroaches
  10 goblins
  15 hobgoblins
  3 jackals (D:3)
  13 kobolds
  3 quokkas
  2 giant gecko skeletons
  3 giant newts
  14 rats
129 creatures vanquished.

Vanquished Creatures (others)
  An orc wizard (D:5)
1 creature vanquished.

Grand Total: 130 creatures vanquished

Notes
Turn   | Place    | Note
--------------------------------------------------------------
     0 | D:1      | nuthulu the Gargoyle Fighter began the quest for the Orb.
     0 | D:1      | Reached XP level 1. HP: 14/14 MP: 1/1
    77 | D:1      | Reached XP level 2. HP: 19/19 MP: 2/2
   358 | D:1      | Reached XP level 3. HP: 21/23 MP: 3/3
   378 | D:1      | Reached skill level 4 in Armour
   723 | D:2      | Reached XP level 4. HP: 20/28 MP: 4/4
   982 | D:2      | Found an iron altar of Okawaru.
  1018 | D:2      | Became a worshipper of Warmaster Okawaru
  1461 | D:3      | Reached skill level 5 in Shields
  1461 | D:3      | Reached XP level 5. HP: 32/32 MP: 5/5
  1759 | D:4      | Reached skill level 5 in Armour
  2012 | D:4      | Acquired Okawaru's first power
  2012 | D:4      | Reached XP level 6. HP: 32/37 MP: 6/6
  2194 | D:4      | Noticed a centaur
  2207 | D:4      | Killed a centaur
  2207 | D:4      | Reached skill level 6 in Shields
  2552 | D:4      | Reached XP level 7. HP: 38/41 MP: 7/7
  2977 | D:4      | You fall through a shaft!
  2977 | D:5      | Entered Level 5 of the Dungeon
  3323 | D:5      | Reached skill level 7 in Shields
  4065 | D:5      | Reached XP level 8. HP: 17/46 MP: 8/8
  4190 | D:5      | Reached skill level 8 in Shields
  4522 | D:5      | Found Erghihujaagh's Magic Scroll Shoppe.
  4527 | D:5      | Bought a scroll of identify for 20 gold pieces
  4527 | D:5      | Bought a scroll of identify for 20 gold pieces
  5060 | D:6      | Slain by an ogre

Vault maps used:
D:1:      onia_arrival_handbag, hangedman_feature_mirror, corner_web_ring
D:2:      okawaru_metal_pillars_1_2
D:3:      first_bread
D:4:      minivault_26, minmay_misc_feat_ornament
D:5:      serial_shops, kennysheep_little_box
D:6:      gammafunk_temple_overflow_claw, minitemple, kennysheep_generic_room_4

Action                   |  1- 3 |  4- 6 |  7- 9 || total
-------------------------+-------+-------+-------++-------
Melee: Flail             |   116 |   244 |   233 ||   593
  Use: Scroll            |     6 |     3 |     1 ||    10
       Potion            |       |     1 |       ||     1
  Eat: Chunk             |       |     6 |     4 ||    10
       Bread ration      |       |       |     1 ||     1
